 Dungeon Crawl Stone Soup version 0.30-b1-2-g02819fbbbe (webtiles) character file.

Game seed: 16599387141245628961

383 Dirian the Covered (level 6, -1/55 HPs)
             Began as a Minotaur Fighter on May 6, 2023.
             Succumbed to a killer bee's poison
             ... on level 4 of the Dungeon.
             The game lasted 00:04:33 (2922 turns).

Dirian the Covered (Minotaur Fighter)               Turns: 2922, Time: 00:04:34

Health: -1/55      AC:  8    Str: 23    XL:     6   Next: 47%
Magic:  5/5        EV:  9    Int:  5    God:
Gold:   222        SH:  5    Dex:  9    Spells: 5/5 levels left

rFire   + . .        a - +0 long sword
rCold   . . .        c - +1 buckler
rNeg    . . .        i - +1 scale mail {rF+}
rPois   .            (helmet restricted)
rElec   .            (no cloak)
rCorr   .            (no gloves)
SInv    .            (no boots)
Will    .....        h - amulet of regeneration Stlth
                     (no ring)
HPRegen 1.09/turn    (no ring)
MPRegen 0.09/turn

%: no passive effects
@: lethally poisoned (-1 -> -10)
A: horns 2, retaliatory headbutt
a: no special abilities


You were on level 4 of the Dungeon.
You visited 1 branch of the dungeon, and saw 4 of its levels.

You collected 222 gold pieces.

Inventory:

Hand Weapons
 a - a +0 long sword (weapon)
Armour
 c - a +1 buckler (worn)
 i - a +1 scale mail of fire resistance (worn)
Jewellery
 h - an amulet of regeneration (around neck)
Wands
 v - a wand of digging (4)
Scrolls
 r - 5 scrolls of identify
Potions
 b - a potion of cancellation {unknown}
 d - a potion of might
 j - a potion of flight {unknown}
 k - 2 potions of ambrosia
 m - 2 potions of invisibility
 o - a potion of curing {unknown}
 s - a potion of attraction {unknown}
 w - 2 potions of heal wounds


   Skills:
 + Level 4.8 Fighting
 + Level 5.2 Long Blades
 + Level 6.1 Armour
 + Level 4.6 Shields


You had 5 spell levels left.
You didn't know any spells.
Your spell library was empty.

Dungeon Overview and Level Annotations

Branches:
Dungeon (4/15) Zot: 21017
 Temple: D:4-7

Altars:
Uskayaw
Vehumet

Annotations:
D:3 3 runed translucent doors, adept's ghost, amateur GrFi; diceflayer's ghost, amateur DsHu; windycow's ghost, amateur BaHu


Innate Abilities, Weirdness & Mutations

You have a pair of horns on your head.
You reflexively headbutt those who attack you in melee.


Message History

The killer bee is severely wounded.
You feel very sick. The killer bee closely misses you. x2
The killer bee stings you but does no damage.
You barely miss the killer bee.
The killer bee is severely wounded.
You feel very sick. The killer bee closely misses you.
The killer bee barely misses you. You furiously retaliate!
You headbutt the killer bee.
You kill the killer bee!
Your Armour skill increases to level 6!
You miss the killer bee.
You feel very sick. The killer bee stings you.
* * * LOW HITPOINT WARNING * * *
The killer bee stings you.
* * * LOW HITPOINT WARNING * * *
The killer bee stings you.
* * * LOW HITPOINT WARNING * * *
You are more poisoned.
The killer bee poisons you!
You barely miss the killer bee. Your headbutt misses the killer bee.
* * * LOW HITPOINT WARNING * * *
You feel very sick. The killer bee misses you.
You block the killer bee's attack.
You hit the killer bee. Your headbutt misses the killer bee.
The killer bee is lightly wounded.
* * * LOW HITPOINT WARNING * * *
You feel very sick. The killer bee closely misses you.
The killer bee stings you but does no damage.
You barely miss the killer bee.
The killer bee is lightly wounded.
You feel sick. The killer bee completely misses you. The killer bee stings you.
* * * LOW HITPOINT WARNING * * *
You are more poisoned.
The killer bee poisons you!
You barely miss the killer bee. Your headbutt misses the killer bee.
The killer bee is lightly wounded.
You die...

..# ##...## ##.###### ..#
##.## #.# #.######## #.#
......# #.# ### #
......#########.# #.. .#
......#.........# #.###.#
.........######## #.#...
.........## ######.#)#.#
......#...# #..@y...)..#
......#...# #.#####....#
#.#####...# #.# #....# #.#
#...# #.# ........ ..##
#...####.###.......## ...#
#...#..............#
...####...#.##.##..#.......
...................#....##.
...................#


You could see a killer bee.

Vanquished Creatures
  A scorpion (D:4)
  3 killer bees (D:4)
  An orc priest (D:3)
  A hound (D:4)
  3 adders
  3 worms
  A dart slug (D:1)
  4 orcs
  12 ball pythons
  9 endoplasms
  4 giant cockroaches
  11 goblins
  7 hobgoblins
  6 kobolds
  2 quokkas
  7 bats
  A frilled lizard (D:1)
  8 rats
84 creatures vanquished.

Vanquished Creatures (others)
  4 withered plants (D:3)
4 creatures vanquished.

Grand Total: 88 creatures vanquished

Notes
Turn   | Place    | Note
-------+----------+-------------------------------------------
     0 | D:1      | Dirian the Minotaur Fighter began the quest for the Orb.
     0 | D:1      | Reached XP level 1. HP: 19/19 MP: 0/0
   154 | D:1      | Reached skill level 4 in Armour
   154 | D:1      | Reached XP level 2. HP: 21/27 MP: 1/1
   828 | D:2      | Reached XP level 3. HP: 32/33 MP: 2/2
  1691 | D:3      | Reached XP level 4. HP: 40/40 MP: 3/3
  1700 | D:3      | Found a hide-covered altar of Uskayaw.
  1764 | D:3      | Found a runed translucent gate.
  1764 | D:3      | Found a runed translucent gate.
  1764 | D:3      | Found a runed translucent gate.
  1767 | D:3      | Noticed diceflayer's ghost (amateur DsHu)
  1767 | D:3      | Noticed windycow's ghost (amateur BaHu)
  1767 | D:3      | Noticed adept's ghost (amateur GrFi)
  2390 | D:4      | Reached skill level 5 in Armour
  2424 | D:4      | Reached XP level 5. HP: 35/47 MP: 4/4
  2629 | D:4      | Found a radiant altar of Vehumet.
  2900 | D:4      | Reached XP level 6. HP: 38/53 MP: 5/5
  2909 | D:4      | Reached skill level 5 in Long Blades
  2918 | D:4      | Reached skill level 6 in Armour
  2921 | D:4      | HP: 2/55 [killer bee (2)]
  2922 | D:4      | Succumbed to a killer bee's poison

Illustrated notes

Levels and vault maps discovered:
D:1:      tarquinn_simple_flora_water_e, layout_basic,
          chequers_serial_rivers_room_b, dreamdust_mushroom_princess
D:2:      layout_basic
D:3:      kennysheep_the_goblin_king, layout_basic, nicolae_uskayaw_suspiria,
          gammafunk_ghost_cemetery, kennysheep_potato
D:4:      layout_loops_cross, nicolae_overflow_crystal_walls,
          hangedman_abyss_or_decor_lesser_grid

Skill      XL: |  1  2  3  4  5  6 |
---------------+-------------------+-----
Armour         | 4 5 6 |  6.1
Fighting       | 4 |  4.8
Shields        | 4 |  4.6
Long Blades    | 3 4 5 |  5.2

Action                     |  1- 3 |  4- 6 || total
---------------------------+-------+-------++-------
  Melee: Long sword        |   126 |    93 ||   219
         Headbutt          |    20 |    18 ||    38
    Use: Scroll            |       |     9 ||     9
         Potion            |       |     1 ||     1
 Armour: Scale mail        |    58 |    57 ||   115
  Dodge: Dodged            |    47 |    61 ||   108
  Block: Buckler           |    26 |    39 ||    65
